 Dungeon Crawl Stone Soup version 0.30.1-3-gfc49f6343a (webtiles) character file.

Game seed: 9180900220895262793

738 Heoruswealwe the Shooter (level 7, -19/61 HPs)
             Began as a Demigod Hunter on July 19, 2023.
             Killed by an exploding butterfly (31 damage)
             ... ignited by their inner flame
             ... on level 5 of the Dungeon.
             The game lasted 00:35:28 (3556 turns).

Heoruswealwe the Shooter (Demigod Hunter)           Turns: 3556, Time: 00:35:30

Health: -19/61     AC:  9    Str: 12    XL:     7   Next: 22%
Magic:  9/9        EV: 13    Int: 11    God:
Gold:   255        SH:  0    Dex: 25    Spells: 6/6 levels left

rFire   . . .        a - +0 shortbow
rCold   . . .        (shield currently unavailable)
rNeg    . . .        c - +0 steam dragon scales
rPois   .            (no helmet)
rElec   .            (no cloak)
rCorr   .            f - +0 pair of gloves
SInv    .            e - +2 pair of boots
Will    .....        (no amulet)
Stlth   ++           (no ring)
HPRegen 0.30/turn    (no ring)
MPRegen 0.11/turn

%: no passive effects
@: studying Throwing
A: high MP 1, forlorn, divine attributes
a: no special abilities


You were on level 5 of the Dungeon.
You visited 2 branches of the dungeon, and saw 6 of its levels.

You collected 255 gold pieces.

Inventory:

Hand Weapons
 a - a +0 shortbow (weapon)
Armour
 c - +0 steam dragon scales (worn)
 e - a +2 pair of boots (worn)
 f - a +0 pair of gloves (worn)
Wands
 o - a wand of polymorph (7)
 t - a wand of flame (26)
Scrolls
 b - a scroll of immolation
 g - a scroll of brand weapon
 m - 4 scrolls of enchant armour
 n - a scroll of blinking {unknown}
 p - a scroll of amnesia {unknown}
 q - 2 scrolls of vulnerability {unknown}
 r - a scroll of teleportation {unknown}
 v - a scroll of fear {unknown}
Potions
 d - 2 potions of mutation {unknown}
 h - a potion of heal wounds {unknown}
 i - 4 potions of lignification {unknown}
 k - 3 potions of ambrosia {unknown}
 l - 2 potions of haste {unknown}
 s - a potion of degeneration {unknown}
 u - a potion of invisibility {unknown}


   Skills:
 + Level 5.6 Fighting
 + Level 6.5 Ranged Weapons
 - Level 1.7 Dodging
 - Level 0.8 Stealth


You had 6 spell levels left.
You didn't know any spells.
Your spell library contained the following spells:

 Spells                   Type           Power      Damage    Failure   Level
 Kiss of Death            Conj/Necr      0%         2d5       34%         1
 Confusing Touch          Hex            0%         N/A       71%         3
 Dazzling Flash           Conj/Hex       0%         N/A       71%         3
 Ozocubu's Armour         Ice            0%         N/A       71%         3
 Dispel Undead            Necr           0%         3d6       98%         4
 Metabolic Englaciation   Hex/Ice        0%         N/A       100%        5
 Simulacrum               Ice/Necr       0%         N/A       100%        6
 Enfeeble                 Hex            0%         N/A       100%        7
 Malign Gateway           Summ/Tloc      0%         N/A       100%        7


Dungeon Overview and Level Annotations

Branches:
Dungeon (5/15)             Temple (1/1) D:4

Annotations:
D:5 Sobaton's ghost, novice MiFi


Innate Abilities, Weirdness & Mutations

You have an increased reservoir of magic. (+10% MP)
You shall have no god before yourself.
Your divine heritage dramatically boosts your attributes as you level up.


Message History

Your butterfly disappears in a burst of colours!
The fiery explosion engulfs Sobaton's ghost!!
Flame seeps out of Sobaton's ghost.
Sobaton's ghost is almost destroyed.
Your butterfly explodes! x2
The fiery explosion engulfs H0rd4k's ghost!!
H0rd4k's ghost explodes!
The fiery explosion engulfs your butterfly!!!
Your butterfly disappears in a burst of colours!
Your butterfly explodes!
The tree burns like a torch!
Your butterfly explodes!
The fiery explosion engulfs your butterfly!
Your butterfly disappears in a burst of colours!
Your butterfly explodes!
The fiery explosion engulfs you!!
The fiery explosion engulfs your butterfly!!
Your butterfly disappears in a burst of colours!
Your butterfly explodes!
The fiery explosion engulfs your butterfly!!
Your butterfly disappears in a burst of colours!
Your butterfly explodes! x2
The fiery explosion engulfs your butterfly!!
Your butterfly disappears in a burst of colours!
The fiery explosion engulfs you!
Your butterfly explodes!
The fiery explosion engulfs your butterfly!!
Your butterfly disappears in a burst of colours!
The fiery explosion engulfs your butterfly!!
Your butterfly disappears in a burst of colours!
The fiery explosion engulfs you!
* * * LOW HITPOINT WARNING * * *
Your butterfly explodes! x2
The fiery explosion engulfs your butterfly!!
Your butterfly disappears in a burst of colours!
The fiery explosion engulfs your butterfly!!
Your butterfly disappears in a burst of colours!
The fiery explosion engulfs you!!
Ouch! That really hurt!
You die...

......##.........................
...#......###...#...#..##.....##.
..................######.........
#.................#§§♣$##.....≈≈≈
.................b#§§§§8##......§
####...##.####.#.§#§§§§..#.#..≈.§
..........# ##§#§§§§§§§..#.##.≈.≈
.......##.###..§§§§§§§W.8#.##.≈.≈
..............§§@§§§§§§.!#....≈.≈
..##.#.##.###bbb§§#§§§§.$#....≈.≈
...............#§§#§§§§8##....≈..
...............b§§#§§§[##.....≈≈≈
#.#..#.##....b..§§######.........
................b.#..............
#.#######.........#.##...#.#.....
..# #.........#.##...#.#.....
#.#######...........[....#.#.....


You could see Sobaton's ghost (inner flame).

Vanquished Creatures
  The ghost of Peloso the Slasher, a novice MiFi of Okawaru (D:5)
  The ghost of H0rd4k the Sneak, an amateur OpAr of Gozag (D:5)
  2 ice beasts
  2 phantoms (D:5)
  A scorpion (D:5)
  A jelly (D:4)
  An orc priest (D:5)
  2 hounds (D:5)
  2 iguanas
  An orc wizard (D:5)
  5 adders
  A shadow imp (D:5)
  An ufetubus (D:4)
  2 worms
  5 dart slugs
  7 orcs
  4 ball pythons
  9 bats
  4 endoplasms
  4 giant cockroaches
  5 hobgoblins
  4 quokkas
  4 frilled lizards
  A goblin (D:4)
  5 kobolds
  5 rats
80 creatures vanquished.

Notes
Turn   | Place    | Note
-------+----------+-------------------------------------------
     0 | D:1      | Heoruswealwe the Demigod Hunter began the quest for the
                  | Orb.
     0 | D:1      | Reached XP level 1. HP: 17/17 MP: 3/3
   140 | D:1      | Reached XP level 2. HP: 24/24 MP: 4/4
   304 | D:1      | Reached skill level 4 in Ranged Weapons
   613 | D:2      | Reached XP level 3. HP: 30/30 MP: 5/5
   691 | D:2      | Identified a scroll of acquirement
   693 | D:2      | Acquired a manual of Throwing
  1328 | D:3      | Reached XP level 4. HP: 38/38 MP: 6/6
  1835 | D:4      | Noticed an ice beast
  1854 | D:4      | Killed an ice beast
  1855 | D:4      | Reached skill level 5 in Ranged Weapons
  1855 | D:4      | Reached XP level 5. HP: 31/46 MP: 7/7
  1888 | D:4      | Found a staircase to the Ecumenical Temple.
  2298 | D:4      | Got the Dissertation on Imprecation and Beckoning
  2427 | D:5      | Entered Level 5 of the Dungeon
  2448 | D:5      | Reached XP level 6. HP: 25/53 MP: 8/8
  2519 | D:5      | Found a runed translucent gate.
  2519 | D:5      | Found a runed translucent gate.
  2519 | D:5      | Found a runed translucent gate.
  2520 | D:5      | Noticed Sobaton's ghost (novice MiFi)
  2521 | D:5      | Noticed Peloso's ghost (novice MiFi)
  2521 | D:5      | Noticed H0rd4k's ghost (amateur OpAr)
  2549 | D:5      | Reached skill level 5 in Fighting
  2549 | D:5      | Reached skill level 6 in Ranged Weapons
  2582 | Temple   | Entered the Ecumenical Temple
  2791 | D:5      | Reached XP level 7. HP: 46/61 MP: 9/9
  3033 | D:4      | You fall into a shaft and drop 1 floor!
  3556 | D:5      | Killed Peloso's ghost
  3556 | D:5      | Killed H0rd4k's ghost
  3556 | D:5      | Killed by an exploding butterfly... ignited by their inner
                  | flame

Illustrated notes

Levels and vault maps discovered:
D:1:      scummos_arrival_hexagon, layout_rooms,
          shapermc_ecumenical_altar_mp_ritualfount,
          chequers_serial_rivers_room_a
D:2:      layout_loops_ring, hangedman_glass_teeth, st_stairs_11,
          chequers_mini_garden
D:3:      layout_rooms
D:4:      layout_gridville, nicolae_overflow_crystal_walls,
          minmay_temple_entry_from_below_a, kennysheep_generic_room_14
D:5:      layout_basic, mainiacjoe_overflow_alcove_4,
          mainiacjoe_overflow_concentric_impassable, gammafunk_ghost_cemetery
Temple:   hellmonk_temple_forest_ring

Skill      XL: |  1  2  3  4  5  6 |
---------------+-------------------+-----
Fighting       | 2 3 4 5 |  5.6
Ranged Weapons | 4 5 6 |  6.5
Dodging        | |  1.7
Stealth        | |  0.8

Action                     |  1- 3 |  4- 6 |  7- 9 || total
---------------------------+-------+-------+-------++-------
   Fire: Shortbow          |   131 |   130 |    15 ||   276
    Use: Scroll            |     5 |       |     3 ||     8
         Potion            |       |     7 |       ||     7
 Armour: Leather armour    |    15 |       |       ||    15
         Steam dragon scal |     1 |    31 |     1 ||    33
  Dodge: Dodged            |    39 |    44 |     8 ||    91
